 Dungeon Crawl Stone Soup version 0.31-b1-22-gc680215f68 (webtiles) character file.

Game seed: 11641930129678405965

207 Sweeb the Chopper (level 5, 3/47 HPs)
             Began as a Hill Orc Monk on Jan 18, 2024.
             Quit the game on level 2 of the Dungeon.
             The game lasted 00:03:25 (1193 turns).

Sweeb the Chopper (Hill Orc Monk)                   Turns: 1193, Time: 00:03:25

Health: 3/47       AC:  3    Str: 16    XL:     5   Next: 85%
Magic:  5/5        EV: 13    Int:  8    God:
Gold:   43         SH:  0    Dex: 13    Spells: 4/4 levels left

rFire   . . .        a - +0 hand axe
rCold   . . .        d - orb {light}
rNeg    . . .        b - +0 robe
rPois   .            h - +0 hat
rElec   .            (no cloak)
rCorr   .            (no gloves)
SInv    .            (no boots)
Will    .....        (no amulet)
Stlth   +            (no ring)
HPRegen 0.27/turn    (no ring)
MPRegen 0.09/turn

%: no passive effects
@: glowing
A: deterioration 1, dopey 1, shaggy fur 1, inability to read after injury 1
a: Convert to Beogh


You were on level 2 of the Dungeon.
You visited 1 branch of the dungeon, and saw 2 of its levels.

You collected 43 gold pieces.

Inventory:

Hand Weapons
 a - a +0 hand axe (weapon)
Armour
 b - a +0 robe (worn)
 d - an orb of light (worn)
 h - a +0 hat (worn)
Jewellery
 f - an amulet of magic regeneration
Scrolls
 e - a scroll of identify {unknown}
 g - a scroll of revelation {unknown}
 j - a scroll of immolation {unknown}
Potions
 k - a potion of berserk rage {unknown}


   Skills:
 + Level 4.9 Fighting
 * Level 6.6 Axes
 + Level 3.3 Dodging


You had 4 spell levels left.
You didn't know any spells.
Your spell library contained the following spells:

 Spells                   Type           Power      Damage    Failure   Level
 Ensorcelled Hibernation  Hex/Ice        0%         N/A       54%         2
 Passwall                 Erth           0%         N/A       78%         3
 Swiftness                Air            0%         N/A       78%         3


Dungeon Overview and Level Annotations

Branches:
Dungeon (2/15)

Altars:

Shops:
D:1 (


Innate Abilities, Weirdness & Mutations

Your body sometimes deteriorates upon taking damage.
You are dopey. (Int -2)
You are covered in fur. (AC +1)
You occasionally lose the ability to read scrolls when taking damage.


Message History

The orc priest is moderately wounded.
The orc priest hits you with a +0 dagger.
You hit the orc priest but do no damage.
The orc priest is moderately wounded.
The orc priest hits you with a +0 dagger.
You hit the orc priest but do no damage.
The orc priest is moderately wounded.
The orc priest calls down the wrath of Beogh upon you.
Pain shoots through your body!
* * * LOW HITPOINT WARNING * * *
You hit the orc priest but do no damage.
The orc priest is moderately wounded.
The orc priest shouts, "Join the one true god or die!"
The orc priest hits you but does no damage.
You barely miss the orc priest.
The orc priest is moderately wounded.
The orc priest hits you with a +0 dagger.
* * * LOW HITPOINT WARNING * * *
You hit the orc priest but do no damage.
The orc priest is moderately wounded.
The orc priest shouts, "Beogh is our master!
Accept the truth or die!"
The orc priest hits you with a +0 dagger.
* * * LOW HITPOINT WARNING * * *
You hit the orc priest but do no damage.
The orc priest is moderately wounded.
The orc priest closely misses you.
You hit the orc priest but do no damage.
The orc priest is moderately wounded.
The orc priest misses you.
You hit the orc priest but do no damage.
The orc priest is moderately wounded.
The orc priest shouts, "Surrender to Beogh and we'll let you live!"
The orc priest hits you with a +0 dagger.
* * * LOW HITPOINT WARNING * * *
You hit the orc priest.
The orc priest is severely wounded.
The orc priest closely misses you.
An orc priest is nearby!
Okay, then.
Are you sure you want to abandon this character and quit the game? (Confirm with "yes".)

.# . .# .#. ...
#.# #.#
#.######.#######
#..$o@).........
########†######
#.# #.# ###.# .
. #...# .#.
###.### ...
#.....# #.#
##.###.# ###


You could see an orc priest.

Vanquished Creatures
  Sigmund (D:2)
  An adder (D:2)
  2 dart slugs (D:2)
  3 orcs (D:2)
  An endoplasm (D:2)
  2 giant cockroaches (D:1)
  A goblin (D:1)
  2 hobgoblins (D:1)
  4 kobolds
  2 quokkas
  A ball python (D:1)
  5 bats
  2 frilled lizards
  4 rats (D:1)
31 creatures vanquished.

Notes
Turn   | Place    | Note
-------+----------+-------------------------------------------
     0 | D:1      | Sweeb the Hill Orc Monk began the quest for the Orb.
     0 | D:1      | Reached XP level 1. HP: 19/19 MP: 1/1
   160 | D:1      | Reached XP level 2. HP: 27/27 MP: 2/2
   501 | D:1      | Found Fuckoy's Antique Weapon Shoppe.
   833 | D:2      | Reached XP level 3. HP: 33/33 MP: 3/3
   881 | D:2      | Reached skill level 5 in Axes
   997 | D:2      | Noticed Sigmund
  1007 | D:2      | Gained mutation: You are dopey. (Int -2) [potion of
                  | mutation]
  1007 | D:2      | Gained mutation: You occasionally lose the ability to read
                  | scrolls when taking damage. [potion of mutation]
  1007 | D:2      | Gained mutation: Your body sometimes deteriorates upon
                  | taking damage. [potion of mutation]
  1007 | D:2      | Gained mutation: You are covered in fur. (AC +1) [potion of
                  | mutation]
  1012 | D:2      | Killed Sigmund
  1013 | D:2      | Reached skill level 6 in Axes
  1013 | D:2      | Reached XP level 4. HP: 12/41 MP: 4/4
  1013 | D:2      | Reached XP level 5. HP: 13/47 MP: 5/5
  1193 | D:2      | Quit the game

Illustrated notes

Levels and vault maps discovered:
D:1:      evilmike_arrival_plus, layout_basic, serial_shops, shop
D:2:      layout_loops_ring, uniq_sigmund

Skill      XL: |  1  2  3 |
---------------+----------+-----
Fighting       | 4 |  4.9
Axes           | 6 |  6.6
Dodging        | 3 |  3.3

Action                     |  1- 3 |  4- 6 || total
---------------------------+-------+-------++-------
  Melee: Hand axe          |    80 |    22 ||   102
    Use: Potion            |     2 |       ||     2
 Armour: Robe              |    50 |    14 ||    64
  Dodge: Dodged            |    52 |     8 ||    60
